 Dungeon Crawl Stone Soup version 0.28-a0-631-g0446da8ef9 (webtiles) character file.

Game seed: 14378004986150213472

367226 sleeves the End of an Era (level 21, -31/168 HPs)
             Began as a Demonspawn Fighter on Oct 9, 2021.
             Was the Champion of Qazlal.
             Killed by an exploding deep troll (43 damage)
             ... ignited by their inner flame
             ... on level 5 of the Vaults.
             The game lasted 01:35:01 (54144 turns).

sleeves the End of an Era (Demonspawn Fighter)     Turns: 54144, Time: 01:35:02

Health: -31/168    AC: 39    Str: 25    XL:     21   Next: 61%
Magic:  0/36       EV: 15    Int: 18    God:    Qazlal [******]
Gold:   3214       SH: 21    Dex: 13    Spells: 28/28 levels left

rFire   . . .      SeeInvis .   b - +6 broad axe (venom)
rCold   + . .      Faith    +   c - +0 buckler
rNeg    . . .      Spirit   +   e - +6 scale mail "Ineenus" {rC+ Int+4}
rPois   .          Reflect  .   M - +1 helmet
rElec   +          Harm     .   K - +0 cloak
rCorr   .          Rampage  .   (gloves unavailable)
Will    ++...                   d - +4 pair of boots of Modesty {rElec Regen+ Int+3}
Stlth   ..........              f - amulet of faith
HPRegen 1.38/turn               v - +4 ring of protection
MPRegen 0.50/turn               H - +4 ring of protection

@: protected from physical damage, repel missiles
A: large bone plates 3, spiny 3, torment resistance 1, magic shield, magic
regeneration, magic link, demonic willpower, demonic touch 3
}: 2/15 runes: barnacled, gossamer
a: Renounce Religion, Upheaval, Elemental Force, Disaster Area


You were on level 5 of the Vaults.
You worshipped Qazlal.
Qazlal was exalted by your worship.
You visited 7 branches of the dungeon, and saw 37 of its levels.
You also visited: Volcano.

You collected 4878 gold pieces.
You spent 1664 gold pieces at shops.

Inventory:

Hand Weapons
 b - a +6 broad axe of venom (weapon)
   (You took it off Urug on level 2 of the Orcish Mines)
 Z - a +1 vorpal executioner's axe
   (You acquired it on level 3 of the Spider Nest)
Armour
 a - the +6 chain mail "Laoll" {rElec rF- Int+4 Dex+8}
   (You found it on level 3 of the Vaults)

   Int:       It affects your intelligence (+4).
   Dex:       It affects your dexterity (+8).
   rF:        It makes you vulnerable to fire.
   rElec:     It insulates you from electricity.
 c - a +0 buckler (worn)
 d - the +4 pair of boots of Modesty (worn) {rElec Regen+ Int+3}
   (You found it on level 2 of the Shoals)

   Int:       It affects your intelligence (+3).
   rElec:     It insulates you from electricity.
   Regen:     It increases your rate of health regeneration.
 e - the +6 scale mail "Ineenus" (worn) {rC+ Int+4}
   (You bought it in a shop on level 8 of the Dungeon)

   Int:       It affects your intelligence (+4).
   rC:        It protects you from cold.
 K - a +0 cloak (worn)
   (You found it on level 13 of the Dungeon)
 M - a +1 helmet (worn)
   (You found it on level 14 of the Dungeon)
 Y - a +0 kite shield
   (You took it off Asterion on level 3 of the Spider Nest)
Jewellery
 f - an amulet of faith (around neck)
   (You found it on level 1 of the Dungeon)
 q - a ring of positive energy
   (You found it on level 13 of the Dungeon)
 v - a +4 ring of protection (left hand)
   (You found it on level 5 of the Dungeon)
 H - a +4 ring of protection (right hand)
   (You found it on level 11 of the Dungeon)
 I - an amulet of reflection
   (You found it on level 3 of the Lair of Beasts)
 O - a ring of protection from cold
   (You found it on level 2 of the Lair of Beasts)
 W - a ring of see invisible
   (You found it on level 3 of the Spider Nest)
 X - a ring of resist corrosion
   (You found it on level 3 of the Spider Nest)
Wands
 R - a wand of iceblast (2)
   (You found it on level 5 of the Lair of Beasts)
 V - a wand of acid (19)
   (You found it on level 1 of the Spider Nest)
Scrolls
 g - a scroll of summoning
 h - 6 scrolls of amnesia
 m - 6 scrolls of enchant weapon
 p - 4 scrolls of vulnerability
 s - a scroll of torment
 t - a scroll of holy word
 x - 6 scrolls of immolation
 y - 2 scrolls of enchant armour
 E - 15 scrolls of teleportation
 L - 2 scrolls of blinking
 N - 3 scrolls of fog
 S - a scroll of identify
 T - 2 scrolls of silence
 U - a scroll of brand weapon
Potions
 i - 11 potions of curing
 j - 4 potions of might
 k - 6 potions of ambrosia
 l - 4 potions of brilliance
 n - 5 potions of flight
 o - 3 potions of lignification
 r - 3 potions of invisibility
 u - 6 potions of mutation
 D - 4 potions of magic
 F - 6 potions of cancellation
 G - 7 potions of haste
 P - a potion of berserk rage


   Skills:
 - Level 15.0 Fighting
 - Level 20.0 Axes
 - Level 20.0 Armour
 - Level 10.0 Dodging
 - Level 4.0 Shields
 - Level 4.1 Spellcasting
 + Level 22.6 Invocations


You had 28 spell levels left.
You didn't know any spells.
Your spell library contained the following spells:

 Spells                   Type           Power      Damage    Failure   Level
 Animate Skeleton         Necr           6%         N/A       24%         1
 Apportation              Tloc           6%         N/A       24%         1
 Beastly Appendage        Tmut           6%         N/A       24%         1
 Foxfire                  Conj/Fire      12%        2x1d4     24%         1
 Magic Dart               Conj           12%        1d3       24%         1
 Sting                    Tmut/Pois      12%        1d3       24%         1
 Summon Small Mammal      Summ           12%        N/A       24%         1
 Call Imp                 Summ           3%         N/A       36%         2
 Passwall                 Tmut/Erth      2%         N/A       36%         2
 Poisonous Vapours        Pois/Air       6%         N/A       36%         2
 Static Discharge         Conj/Air       3%         N/A       36%         2
 Wereblood                Tmut           3%         N/A       36%         2
 Conjure Flame            Conj/Fire      3%         6-21      58%         3
 Dazzling Flash           Conj/Hex       6%         N/A       58%         3
 Gell's Gravitas          Tloc           1%         N/A       58%         3
 Ignite Poison            Fire/Tmut/Pois 3%         N/A       58%         3
 Inner Flame              Hex/Fire       3%         N/A       58%         3
 Lesser Beckoning         Tloc           3%         N/A       58%         3
 Mephitic Cloud           Conj/Pois/Air  3%         N/A       58%         3
 Spider Form              Tmut/Pois      1%         N/A       58%         3
 Swiftness                Air            3%         N/A       58%         3
 Teleport Other           Tloc           3%         N/A       58%         3
 Animate Armour           Summ/Erth      6%         N/A       94%         4
 Animate Dead             Necr           1%         N/A       94%         4
 Flame Wave               Conj/Fire      3%         3d3       94%         4
 Iskenderun's Mystic Bla  Conj/Tloc      3%         2d3       94%         4
 Olgreb's Toxic Radiance  Pois           3%         N/A       94%         4
 Sticky Flame             Conj/Fire      3%         2d3       94%         4
 Alistair's Intoxication  Tmut/Pois      2%         N/A       100%        5
 Borgnjor's Vile Clutch   Necr/Erth      1%         N/A       100%        5
 Freezing Cloud           Conj/Ice/Air   1%         6-21      100%        5
 Lightning Bolt           Conj/Air       1%         1d12      100%        5
 Summon Forest            Summ/Tloc      1%         N/A       100%        5
 Conjure Ball Lightning   Conj/Air       1%         3x3d6     100%        6
 Death Channel            Necr           1%         N/A       100%        6
 Eringya's Noxious Bog    Tmut/Pois      1%         N/A       100%        6
 Invisibility             Hex            1%         N/A       100%        6
 Simulacrum               Ice/Necr       1%         N/A       100%        6
 Starburst                Conj/Fire      1%         6d3       100%        6
 Ozocubu's Refrigeration  Ice            1%         4d5       100%        7
 Discord                  Hex            1%         N/A       100%        8
 Disjunction              Tloc           1%         N/A       100%        8
 Ignition                 Fire           1%         3d3       100%        8
 Maxwell's Capacitive Co  Air            1%         ∞         100%        8
 Polar Vortex             Ice            1%         N/A       100%        9


Dungeon Overview and Level Annotations

Branches:
Dungeon (15/15)            Temple (1/1) D:4            Lair (6/6) D:8
 Shoals (4/4) Lair:3       Spider (4/4) Lair:3        Slime (0/5) Lair:5
    Orc (2/2) D:11            Elf (0/3) Orc:2        Vaults (5/5) D:14
  Crypt (0/3) Vaults:2     Depths (0/4) D:15        Volcano (visited)

Altars:
Ashenzari
Cheibriados
Dithmenos
Elyvilon
Fedhas
Gozag
Hepliaklqana
Kikubaaqudgha
Makhleb
Nemelex Xobeh
Okawaru
Qazlal
Ru
Sif Muna
Trog
Uskayaw
Vehumet
Wu Jian
Xom
Yredelemnul
Zin
The Shining One
Beogh
Lugonu

Shops:
D:3 *   D:8 ?[   Orc:2 *(?=   Shoals:2 *   Vaults:1 ?   Vaults:2 (

Portals:
Abyss: Lair:6

Annotations:
D:7 3 runed translucent doors, pokedragonboy's ghost, novice DECj
Spider:2 3 runed translucent doors, Vuykkinei's ghost, adept TrBe; Zogeunol's ghost, adept VSFi


Innate Abilities, Weirdness & Mutations

You are completely covered in large bone plates. (SH +8)
You are completely covered in sharp spines.
You are resistant to unholy torment.
When hurt, damage is shared between your health and your magic reserves.
You regenerate magic rapidly.
When low on magic, you restore magic in place of health.
You punish those that try to bend your will. (Will+)
Your touch may irresistibly damage your foes and sap their willpower.


Message History

The large slime creature is almost dead.
A large slime creature splits.
You slice the slime creature!!
You kill the slime creature!
Qazlal accepts your kill.
You slash the slime creature!
You kill the slime creature!
Qazlal accepts your kill.
No target in view!
As you open the door, it creaks loudly!
Found a potion of might.
There is an open door here.
A slime creature comes into view.
A slime creature is nearby!
A slime creature is nearby!
Your scale mail "Ineenus" prevents you from hitting the slime creature.
You slice the slime creature!!
The slime creature looks as sick as possible!
The slime creature is heavily wounded.
The slime creature is struck by your spines.
The slime creature barely misses you.
You hit the slime creature.
The slime creature is severely wounded.
The slime creature barely misses you.
A slime creature is nearby!
You hit the slime creature.
You kill the slime creature!
Qazlal accepts your kill.
Key pressed, stopping explore.
No target in view!
There is an open door here.
Items here: ( ))) [[ ÷÷÷.
You open the large door. 4 slime creatures come into view.
The slime creature quivers. x3
The slime creature is engulfed in blazing flames.
There is a large open door here.
There are monsters nearby!
You slice the slime creature!!
The slime creature is poisoned.
The slime creature is heavily wounded.
The slime creature is struck by your spines.
The slime creature barely misses you.
There are monsters nearby!
You slash the slime creature!
The slime creature is almost dead.
You block the slime creature's attack.
You completely miss the slime creature.
The slime creature is almost dead.
You hit the slime creature.
The slime creature is engulfed in blazing flames.
The slime creature hits you but does no damage. x2
You slash the slime creature!
You kill the slime creature!
Qazlal accepts your kill.
You hit the slime creature. You slice the slime creature!!
The slime creature looks as sick as possible!
The slime creature is severely wounded.
The slime creature is engulfed in blazing flames.
You block the slime creature's attack.
You slash the slime creature!
You kill the slime creature!
Qazlal accepts your kill.
You slice the slime creature!!
The slime creature is heavily wounded.
You slice the slime creature!!
The slime creature looks as sick as possible!
The slime creature barely misses you.
The slime creature is struck by your spines.
The slime creature hits you but does no damage.
There are monsters nearby!
You slice the slime creature!!
You kill the slime creature!
Qazlal accepts your kill.
You slash the slime creature!
A slime creature is nearby!
You barely miss the slime creature.
The slime creature is heavily wounded.
You block the slime creature's attack.
A slime creature is nearby!
You hit the slime creature.
The slime creature is severely wounded.
The slime creature hits you but does no damage.
A slime creature is nearby!
You slash the slime creature!
The slime creature looks as sick as possible!
The slime creature is almost dead.
A slime creature is nearby!
You slice the slime creature!!
You kill the slime creature!
Qazlal accepts your kill.
There is a large open door here.
There is an open door here.
There is an open door here.
There is an open door here.
There is an open door here.
Key pressed, stopping explore.
No target in view!
Things that are here:
a +0 dagger; a +0 robe
Things that are here:
a +0 dagger; a +0 robe Key pressed, stopping explore.
No target in view!
There is an open door here.
There is an open door here.
Things that are here:
a +0 dagger; a +0 robe
Found 7 arrows.
No target in view!
You see here 7 arrows.
There is an open door here.
There is an open door here.
Key pressed, stopping explore.
No target in view!
No target in view!
No target in view!
You see here 7 arrows.
Things that are here:
a +0 dagger; a +0 robe Key pressed, stopping explore.
Things that are here:
a +4 arbalest; 16 bolts
Things that are here:
a +0 arbalest; 11 bolts
There is an open door, spattered with blood here.
Things that are here:
a +0 vampiric bardiche; a +0 plate armour You open the door.
There is an open door here.
You open the door.
There is an open door here.
You open the door. You open the door.
There is an open door here.
You open the door.
There is an open door here.
You open the door.
Done exploring.
Done exploring.
Done exploring.
No target in view!
No target in view!
No target in view!
Done exploring.
Done exploring.
Done exploring.
Done exploring.
Done exploring.
(D) Dungeon (T) Temple (L) Lair (A) Shoals (N) Spider Nest (M) Slime Pits (O) Orcish Mines (E) Elven Halls (V) Vaults (C) Crypt (U) Depths
Where to? (Enter - Vaults:4 @ (x,y), ? - help)
There is an open door here.
There is an open door, spattered with blood here.
Things that are here:
a +0 vampiric bardiche; a +0 plate armour
Things that are here:
a +0 arbalest; 11 bolts You open the door.
There is an open door here.
Things that are here:
a +0 great mace; a +0 ring mail
There is a stone staircase leading down here.
You climb downwards.
Reactivating autopickup.
The ettin shouts in stereo!
The vault sentinel shouts!
The vault guard shouts! x20
You hear a shout! x2; You hear a deafening roar!
You hear a shout! x3
You hear a trumpeting!
You hear a shout! x4
Found three escape hatches in the ceiling.
Found two stone staircases leading up.
There is a stone staircase leading up here.
There are monsters nearby!
There are monsters nearby!
There are monsters nearby!
An entropy weaver comes into view.
A shadow dragon comes into view.
The vault guard is engulfed in freezing vapours.
The vault guard is engulfed in blazing flames.
The vault sentinel blows a loud note on a signal horn!
You hear two shouts!
You hear a shout! x5
The entropy weaver shouts!
You hit the vault guard but do no damage.
The vault guard is poisoned.
The vault guard is lightly wounded.
You barely miss the vault guard. You slash the vault guard! x2
The vault guard is poisoned.
You hear a shout!
You closely miss the vault guard.
The vault guard is moderately wounded.
You slash the vault guard!
The vault guard is poisoned.
You slash the vault guard!
The vault guard looks as sick as possible!
You slash the vault guard!
The vault guard looks as sick as possible!
A stone giant comes into view.
The vault guard misses you.
The vault guard is struck by your spines.
The vault guard completely misses you.
The vault guard hits you from afar with a +0 glaive!
A titan comes into view.
You block the vault guard's attack.
The vault guard is struck by your spines.
The vault guard misses you.
The vault guard is struck by your spines.
The vault guard hits you but does no damage.
The entropy weaver gestures at you while chanting.
The entropic weave corrodes you!
You barely miss the vault guard.
The vault guard is heavily wounded.
You closely miss the vault guard. You slash the vault guard!
The vault guard looks as sick as possible!
You hit the vault guard. You closely miss the vault guard.
You hear two shouts!
You hear a shout!
The vault guard is struck by lightning.
The vault guard is engulfed in blazing flames.
You block the vault guard's attack. x2
The vault guard hits you but does no damage.
The vault guard closely misses you.
The vault guard hits you but does no damage.
The vault guard hits you from afar with a +2 glaive of flaming!
You feel protected from physical attacks.
Your resistance to physical damage fades away.
You feel protected from fire. The vault guard burns you.
The vault guard is struck by your spines.
The vault guard closely misses you.
The vault guard hits you with a +0 vorpal great sword!
Really read the scroll of immolation?
As you read the scroll of immolation, it crumbles to dust.
The creatures around you are filled with an inner flame!
You hear a shout! x2
Flame seeps out of the vault guard. x2
The entropy weaver casts a spell at you.
The entropic weave corrodes you!
A storm dragon comes into view.
The vault guard is engulfed in blazing flames.
Flame seeps out of the vault guard.
You block the vault guard's attack. x2
The vault guard hits you but does no damage.
The vault guard misses you. You block the vault guard's attack. x2
The vault guard is engulfed in blazing flames.
Flame seeps out of the vault guard.
The vault guard is struck by your spines.
Flame seeps out of the vault guard.
The vault guard hits you but does no damage.
The vault guard is engulfed in blazing flames.
Flame seeps out of the vault guard.
The vault guard hits you but does no damage.
You block the vault guard's attack.
The vault guard is engulfed in blazing flames.
Flame seeps out of the vault guard.
The vault guard barely misses you.
A yaktaur captain comes into view.
The vault guard hits you with a +2 vorpal great sword!!
You feel protected.
You hear a shout!
You hear two shouts!
You hear a shout!
Flame seeps out of the vault guard. x4; You block the vault guard's attack.
The vault guard hits you from afar with a +3 glaive!
You block the vault guard's attack.
The vault guard hits you with a +0 broad axe.
Your resistance to fire fades away.
You feel protected from physical attacks.
You block the vault guard's attack.
The vault guard hits you with a +0 great sword.
You feel more protected from physical attacks.
The vault guard is engulfed in blazing flames.
Flame seeps out of the vault guard.
The vault guard hits you with a +1 war axe.
You feel more protected from physical attacks.
The vault guard is engulfed in blazing flames.
Flame seeps out of the vault guard.
The vault guard hits you from afar with a +0 glaive!
You feel more protected from physical attacks.
The vault guard hits you with a +2 vorpal great sword!
* * * LOW HITPOINT WARNING * * *
x2 The vault guard is engulfed in blazing flames.
Qazlal accepts your kill.
The vault guard explodes!
The fiery explosion engulfs you. You resist.
* * * LOW HITPOINT WARNING * * *
The fiery explosion engulfs the vault guard!!
Flame seeps out of the vault guard.
The vault guard is moderately wounded.
The fiery explosion engulfs the vault guard!!!
Flame seeps out of the vault guard.
The vault guard is severely wounded.
The fiery explosion engulfs the vault guard!!!
Flame seeps out of the vault guard.
The vault guard is heavily wounded.
The fiery explosion engulfs the vault guard!!
Flame seeps out of the vault guard.
The vault guard is severely wounded.
The fiery explosion engulfs the vault guard!
Flame seeps out of the vault guard.
The vault guard is lightly wounded.
The fiery explosion engulfs the vault guard!!!
Flame seeps out of the vault guard.
The vault guard is severely wounded.
The vault guard is engulfed in blazing flames.
Flame seeps out of the vault guard.
You block the vault guard's attack.
The vault guard is engulfed in blazing flames.
Flame seeps out of the vault guard.
The vault guard hits you but does no damage.
Unknown command.
Nature churns violently around you!
The cutting wind hits the yaktaur captain!!!
The yaktaur captain is heavily wounded.
The blast of ice hits the titan!!
Flame seeps out of the titan.
The titan is lightly wounded.
The titan is flash-frozen.
The blast of ice hits the storm dragon!!
The storm dragon partially resists.
The storm dragon is lightly wounded.
The storm dragon is flash-frozen.
The cutting wind hits the vault guard!!
Flame seeps out of the vault guard.
The vault guard is moderately wounded.
The cutting wind hits the shadow dragon!!!
Flame seeps out of the shadow dragon.
The shadow dragon is moderately wounded.
The cutting wind hits the vault guard.
Flame seeps out of the vault guard.
The vault guard is moderately wounded.
The cutting wind hits the vault guard!!!
Flame seeps out of the vault guard.
The vault guard is almost dead.
The cutting wind hits the vault guard!!
Flame seeps out of the vault guard.
The vault guard is moderately wounded.
The cutting wind hits the vault guard!!
Flame seeps out of the vault guard.
The vault guard is heavily wounded.
The blast of ice hits the vault guard!!
Flame seeps out of the vault guard.
The vault guard is moderately wounded.
The vault guard is flash-frozen.
The blast of ice hits the vault guard!!!
Flame seeps out of the vault guard.
The vault guard is severely wounded.
The vault guard is flash-frozen.
The blast of ice hits the vault guard!!
Flame seeps out of the vault guard.
The vault guard is moderately wounded.
The vault guard is flash-frozen.
The blast of ice hits the vault guard!!!
Flame seeps out of the vault guard.
The vault guard is almost dead.
The vault guard is flash-frozen.
The blast of ice hits the vault guard!!
Flame seeps out of the vault guard.
The vault guard is severely wounded.
The vault guard is flash-frozen.
The blast of ice hits the vault guard!!
Flame seeps out of the vault guard.
The vault guard is heavily wounded.
The vault guard is flash-frozen.
The blast of magma engulfs the titan!!
Flame seeps out of the titan.
The titan is heavily wounded.
The blast of ice hits the shadow dragon!
The shadow dragon partially resists.
Flame seeps out of the shadow dragon.
The shadow dragon is heavily wounded.
The shadow dragon is flash-frozen.
The blast of ice hits the vault guard!!!
Qazlal accepts your kill.
The blast of ice hits the vault guard!!
Qazlal accepts your kill.
The vault guard explodes!
The fiery explosion engulfs the vault guard!!
Qazlal accepts your kill.
The fiery explosion engulfs the vault guard!
Flame seeps out of the vault guard.
The vault guard is heavily wounded.
The fiery explosion engulfs the vault guard!!
Qazlal accepts your kill.
The fiery explosion engulfs the shadow dragon!!
Flame seeps out of the shadow dragon.
The shadow dragon is heavily wounded.
The vault guard explodes!
The fiery explosion engulfs the vault guard!!
Qazlal accepts your kill.
The fiery explosion engulfs the vault guard!!
Qazlal accepts your kill.
The vault guard explodes!
The fiery explosion engulfs the vault guard!!
Qazlal accepts your kill.
You hear a sizzling sound!
The vault guard explodes!
The fiery explosion engulfs the vault guard!!
Flame seeps out of the vault guard.
The vault guard is heavily wounded.
The fiery explosion engulfs you. You resist.
* * * LOW HITPOINT WARNING * * *
The fiery explosion engulfs the vault guard!!
Flame seeps out of the vault guard.
The vault guard is heavily wounded.
The fiery explosion engulfs the vault guard!
Flame seeps out of the vault guard.
The vault guard is lightly wounded.
The fiery explosion engulfs the ettin!!
Flame seeps out of the ettin.
The ettin is moderately wounded.
The vault guard explodes!
The fiery explosion engulfs the vault guard!!!
Qazlal accepts your kill. The fiery explosion engulfs you! You resist.
* * * LOW HITPOINT WARNING * * *
The vault guard explodes!
The fiery explosion engulfs the vault guard!!
Flame seeps out of the vault guard.
The vault guard is heavily wounded.
The fiery explosion engulfs the vault guard!
Qazlal accepts your kill.
The fiery explosion engulfs the vault guard!!
Qazlal accepts your kill.
The fiery explosion engulfs the vault guard!!
Flame seeps out of the vault guard.
The vault guard is almost dead.
The fiery explosion engulfs you. You resist.
Your resistance to physical damage fades away.
You feel protected from fire.
* * * LOW HITPOINT WARNING * * *
The fiery explosion engulfs the vault guard!!!
Flame seeps out of the vault guard.
The vault guard is severely wounded.
The vault guard explodes!
The fiery explosion engulfs the vault guard!!!
Flame seeps out of the vault guard.
The vault guard is severely wounded.
The fiery explosion engulfs the vault guard!!
Flame seeps out of the vault guard.
The vault guard is almost dead.
The fiery explosion engulfs the vault guard!
Flame seeps out of the vault guard.
The vault guard is severely wounded.
The fiery explosion engulfs the vault guard!!
Qazlal accepts your kill. The fiery explosion engulfs you. You resist.
* * * LOW HITPOINT WARNING * * *
The vault guard explodes!
The fiery explosion engulfs the vault guard!
Flame seeps out of the vault guard.
The vault guard is almost dead.
The fiery explosion engulfs the vault guard!
Flame seeps out of the vault guard.
The vault guard is almost dead.
The fiery explosion engulfs the vault guard!
Flame seeps out of the vault guard.
The vault guard is lightly wounded.
The vault guard explodes!
The fiery explosion engulfs the vault guard!
Qazlal accepts your kill.
The fiery explosion engulfs the vault guard!!
Qazlal accepts your kill. The fiery explosion engulfs you. You resist.
* * * LOW MAGIC WARNING * * *;
* * * LOW HITPOINT WARNING * * *
The fiery explosion engulfs the vault guard!!
Flame seeps out of the vault guard.
The vault guard is severely wounded.
The vault guard explodes!
The fiery explosion engulfs the vault guard!!!
Flame seeps out of the vault guard.
The vault guard is almost dead.
The fiery explosion engulfs the vault guard!!
Flame seeps out of the vault guard.
The vault guard is severely wounded.
The fiery explosion engulfs the vault guard!!
Qazlal accepts your kill.
The vault guard explodes!
The fiery explosion engulfs the vault guard!!
Flame seeps out of the vault guard.
The vault guard is severely wounded.
The fiery explosion engulfs the vault guard!!
Flame seeps out of the vault guard.
The vault guard is severely wounded.
The fiery explosion engulfs you. You resist.
* * * LOW HITPOINT WARNING * * *
The fiery explosion engulfs the vault guard!
Flame seeps out of the vault guard.
The vault guard is severely wounded.
The vault guard explodes!
The fiery explosion engulfs the vault guard!!
Flame seeps out of the vault guard.
The vault guard is almost dead.
The fiery explosion engulfs the vault guard!!
Qazlal accepts your kill.
The fiery explosion engulfs the vault guard!!
Qazlal accepts your kill.
The vault guard explodes!
The fiery explosion engulfs the vault guard!
Flame seeps out of the vault guard.
The vault guard is severely wounded.
The vault guard explodes! x2
The fiery explosion engulfs you! You resist.
You feel more protected from fire.
* * * LOW MAGIC WARNING * * *;
* * * LOW HITPOINT WARNING * * *
The fiery explosion engulfs the vault guard!!!
Qazlal accepts your kill.
The vault guard explodes! x2
You hear a shout!
The ettin is engulfed in blazing flames.
Flame seeps out of the ettin.
The shadow dragon is engulfed in blazing flames.
Flame seeps out of the shadow dragon.
The vault guard is engulfed in blazing flames.
Flame seeps out of the vault guard.
The vault sentinel blows a loud note on a signal horn!
The vault guard is engulfed in blazing flames.
Flame seeps out of the vault guard.
The vault guard misses you.
The vault guard is engulfed in blazing flames.
Flame seeps out of the vault guard.
The titan is engulfed in blazing flames.
Flame seeps out of the titan.
The vault guard is engulfed in blazing flames.
Flame seeps out of the vault guard.
You block the vault guard's attack.
The vault guard is engulfed in blazing flames.
Qazlal accepts your kill.
The vault guard explodes!
The fiery explosion engulfs the vault guard!!
Qazlal accepts your kill.
The vault guard explodes!
You hear a horrible gurgling sound!
You hear a shout! x13
Your Invocations skill increases to level 22!
You hear a shout! x4
The ettin is engulfed in blazing flames.
Flame seeps out of the ettin.
You block the ettin's attack. x2
The vault guard is struck by lightning.
Flame seeps out of the vault guard.
The vault guard is engulfed in blazing flames.
Qazlal accepts your kill.
The vault guard explodes!
The fiery explosion engulfs the vault guard!!
Qazlal accepts your kill.
The fiery explosion engulfs the storm dragon!!!
The storm dragon is heavily wounded.
The fiery explosion engulfs the ettin!!
Qazlal accepts your kill.
The fiery explosion engulfs the titan.
Flame seeps out of the titan.
The titan is severely wounded.
The ettin explodes!
The fiery explosion engulfs you. You resist.
* * * LOW MAGIC WARNING * * *;
* * * LOW HITPOINT WARNING * * *
The fiery explosion engulfs the storm dragon!!
The storm dragon is almost dead.
The fiery explosion engulfs the vault guard!!
Flame seeps out of the vault guard.
The vault guard is almost dead.
The fiery explosion engulfs the titan!!
Flame seeps out of the titan.
The titan is almost dead.
The vault guard explodes!
The fiery explosion engulfs the vault guard!!
Qazlal accepts your kill. The fiery explosion engulfs you! You resist.
You feel more protected from fire.
* * * LOW MAGIC WARNING * * *;
* * * LOW HITPOINT WARNING * * *
The vault guard explodes!
The fiery explosion engulfs the vault guard!
Flame seeps out of the vault guard.
The vault guard is almost dead.
The fiery explosion engulfs you! You resist.
* * * LOW MAGIC WARNING * * *;
* * * LOW HITPOINT WARNING * * *
The vault guard is engulfed in blazing flames.
Qazlal accepts your kill.
The vault guard explodes!
The fiery explosion engulfs the vault sentinel!!
Flame seeps out of the vault sentinel.
The vault sentinel is heavily wounded.
The shadow dragon is engulfed in blazing flames.
Flame seeps out of the shadow dragon.
You hear a deafening roar!
You hear two shouts!
You climb upwards.
There is a stone staircase leading down here.
You start resting.
You are no longer corroded.
You start resting.
Magic restored.
You start resting.
You start to feel less resistant.
You start resting.
Your protection from fire is fading.
You start resting.
Your resistance to elements expires.
You start resting.
You feel less protected from fire.
You start resting.
HP restored.
You climb downwards.
The vault guard shouts!
You hear two shouts!
You block the storm dragon's attack. x2
The storm dragon tramples you but does no damage.
The entropy weaver points at you and mumbles some strange words.
The entropic weave corrodes you!
A deep elf sorcerer comes into view. It is wielding a +0 short sword.
An ironbound preserver comes into view. It is wielding a +0 flail.
You block the storm dragon's attack.
The storm dragon claws you but does no damage.
The storm dragon closely misses you.
The vault sentinel gestures at you while chanting.
A sentinel's mark forms upon you.
A lich comes into view.
A deep troll comes into view.
A yaktaur captain comes into view.
The entropy weaver points at you and mumbles some strange words.
The entropic weave corrodes you!
There is a stone staircase leading up, spattered with blood here.
The deep elf sorcerer gestures wildly while chanting.
The deep elf sorcerer seems to speed up.
The storm dragon bites you. The storm dragon claws you.
The storm dragon closely misses you.
The vault sentinel gestures at you while chanting.
You struggle to resist.
Your will lashes out at the vault sentinel!
The titan barely misses you.
You climb upwards.
There is a stone staircase leading down here.
You hit the storm dragon.
The storm dragon is moderately wounded.
You slash the titan!
The titan looks as sick as possible!
The storm dragon breathes lightning at you.
The bolt of lightning hits you! You resist.
You barely miss the storm dragon.
The storm dragon is moderately wounded.
You hit the titan.
The titan looks as sick as possible!
The storm dragon breathes lightning at you.
The bolt of lightning hits you! You resist.
You feel protected from electricity.
The titan gestures at you while chanting.
The bolt of lightning hits you! You resist.
You slice the storm dragon!!
The storm dragon looks as sick as possible!
The storm dragon is heavily wounded.
You slash the titan! You block the storm dragon's attack.
The storm dragon completely misses you.
The storm dragon tramples you but does no damage.
The titan hits you but does no damage.
You closely miss the storm dragon.
The storm dragon is heavily wounded.
You slash the titan!
The titan looks as sick as possible!
The storm dragon bites you.
Your resistance to electricity fades away.
You feel protected from physical attacks.
The storm dragon claws you but does no damage.
The storm dragon tramples you but does no damage.
You barely miss the storm dragon.
The storm dragon is heavily wounded.
You slash the titan!
The titan is engulfed in blazing flames.
The titan waves its arms in wide circles.
The air twists around and strikes you. You block the storm dragon's attack.
The storm dragon claws you but does no damage.
You block the storm dragon's attack.
You barely miss the titan.
The titan is severely wounded.
You barely miss the storm dragon.
The titan is engulfed in blazing flames.
The titan gestures at you while chanting.
The bolt of lightning hits you! You resist.
Your resistance to physical damage fades away.
You feel protected from electricity.
You barely miss the titan.
The titan is severely wounded.
You hit the storm dragon.
The storm dragon bites you but does no damage.
You block the storm dragon's attack.
The storm dragon tramples you but does no damage.
You slice the titan!!
The titan looks as sick as possible!
The titan is almost dead.
You slash the storm dragon!
The titan is engulfed in blazing flames.
You kill the titan!
Qazlal accepts your kill. The storm dragon barely misses you.
You block the storm dragon's attack. x2
You hit the storm dragon but do no damage.
The storm dragon looks as sick as possible!
The storm dragon is severely wounded.
The storm dragon breathes lightning at you.
The bolt of lightning misses you.
You hit the storm dragon but do no damage.
The storm dragon looks as sick as possible!
The storm dragon is severely wounded.
The storm dragon is struck by your spines.
The storm dragon bites you but does no damage.
You block the storm dragon's attack. The storm dragon barely misses you.
You slash the storm dragon!
The storm dragon looks as sick as possible!
The storm dragon is severely wounded.
The storm dragon misses you.
The storm dragon claws you but does no damage.
You block the storm dragon's attack.
You hit the storm dragon.
The storm dragon is severely wounded.
You hit the storm dragon but do no damage.
The storm dragon looks as sick as possible!
The storm dragon is almost dead.
The storm dragon is struck by your spines.
The storm dragon barely misses you.
The storm dragon claws you but does no damage.
You block the storm dragon's attack.
You hit the storm dragon.
The storm dragon looks as sick as possible!
The storm dragon is almost dead.
The storm dragon breathes lightning at you.
The bolt of lightning hits you! You resist.
You hit the storm dragon but do no damage.
The storm dragon looks as sick as possible!
The storm dragon is almost dead.
The storm dragon is engulfed in blazing flames.
You block the storm dragon's attack. x2; The storm dragon misses you.
You slash the storm dragon!
You kill the storm dragon!
Qazlal accepts your kill.
There is a stone staircase leading down, spattered with blood here.
You start resting.
Your protection from electricity is fading.
You start resting.
Magic restored.
You start resting.
You feel less protected from electricity.
You start resting.
You are no longer corroded.
You start resting.
The sentinel's mark upon you fades away.
You start resting.
HP restored.
You climb downwards.
A deep troll earth mage comes into view.
The entropy weaver is struck by your spines.
The entropy weaver hits you but does no damage.
You block the entropy weaver's attack. x2
The entropy weaver closely misses you.
The vault sentinel blows a loud note on a signal horn!
The vault guard closely misses you.
A phantasmal warrior comes into view.
You block the entropy weaver's attack. The entropy weaver hits you.
The entropy weaver hits you but does no damage. x2
The lich conjures a glowing orb.
A phantasmal warrior comes into view.
An ironbound preserver comes into view. It is wielding a +0 flail.
You hear a horrible gurgling sound!
An orb of destruction comes into view.
There is a stone staircase leading up, spattered with blood here.
You hit the entropy weaver but do no damage.
The entropy weaver is lightly wounded.
You hit the vault guard.
You hear a deafening roar!
The vault guard is struck by your spines.
The vault guard hits you but does no damage.
A deep elf annihilator comes into view. It is wielding a +0 dagger.
You block the entropy weaver's attack.
The entropy weaver hits you but does no damage.
The entropy weaver closely misses you. The entropy weaver hits you.
You closely miss the vault guard.
The vault guard is lightly wounded.
You slash the entropy weaver!
A golden dragon comes into view.
A deep troll earth mage comes into view.
The vault guard hits you with a +0 war axe!
You feel protected from physical attacks.
The entropy weaver hits you but does no damage.
You block the entropy weaver's attack.
The entropy weaver hits you but does no damage. x2
You slash the vault guard!
The vault guard is moderately wounded.
You hit the deep troll.
The deep troll is poisoned.
You hit the entropy weaver but do no damage.
The entropy weaver is poisoned.
The phantasmal warrior gestures at you.
The phantasmal warrior blinks!
The deep elf annihilator gestures wildly while chanting.
The deep elf annihilator blinks!
The vault sentinel blows a loud note on a signal horn!
You block the deep troll's attack. x3
The yaktaur captain wields a +0 arbalest.
The yaktaur captain shoots a bolt.
The bolt hits you but does no damage.
An ettin comes into view.
It is wielding a +0 dire flail and a +5 dire flail.
The yaktaur captain wields a +1 arbalest of flaming.
It bursts into flame!
The yaktaur captain shoots a bolt.
The bolt misses you.
You hear a shout! x2; You hear a deafening roar!
You hear a shout!
You completely miss the vault guard.
The vault guard is moderately wounded.
You hit the entropy weaver but do no damage.
The entropy weaver looks as sick as possible!
You slice the deep troll!! You block the orb of destruction.
The orb of destruction dissipates.
The vault guard is engulfed in blazing flames.
You block the vault guard's attack. You block the entropy weaver's attack.
The entropy weaver barely misses you. The entropy weaver closely misses you.
The entropy weaver hits you but does no damage.
An ettin comes into view. It is wielding two +0 dire flails.
A vault warden comes into view. It is wielding a +0 great mace.
You slash the vault guard!
The vault guard is poisoned.
The vault guard is heavily wounded.
You slash the entropy weaver!
The entropy weaver looks as sick as possible!
You closely miss the deep elf annihilator.
You slash the deep troll!
The deep troll looks as sick as possible!
You hear a shout!
The deep troll is struck by your spines.
The deep troll closely misses you. You block the deep troll's attack.
The deep troll closely misses you.
A deep troll comes into view.
The phantasmal warrior gestures at you.
The phantasmal warrior blinks!
The entropy weaver is struck by lightning.
You block the entropy weaver's attack.
The entropy weaver hits you but does no damage. x3
The vault guard is engulfed in blazing flames.
You block the vault guard's attack.
The yaktaur captain shoots a bolt.
The bolt hits you but does no damage.
A guardian serpent comes into view.
You block the deep elf annihilator's attack.
Unknown command.
Really read the scroll of immolation?
As you read the scroll of immolation, it crumbles to dust.
The creatures around you are filled with an inner flame!
You hear a shout! x2
Flame seeps out of the vault guard.
Flame seeps out of the entropy weaver.
The guardian serpent changes into a polar bear!
Flame seeps out of the deep troll.
A war gargoyle comes into view. It is wielding a +0 great mace.
The entropy weaver is struck by lightning.
Flame seeps out of the entropy weaver.
The entropy weaver is struck by your spines.
Flame seeps out of the entropy weaver.
The entropy weaver hits you.
You block the entropy weaver's attack. x2
The entropy weaver hits you but does no damage.
You block the deep troll's attack. x2
The deep troll claws you but does no damage.
The vault guard is engulfed in blazing flames.
Flame seeps out of the vault guard.
The vault guard hits you but does no damage.
The deep troll is struck by your spines.
Flame seeps out of the deep troll.
The deep troll bites you but does no damage.
You block the deep troll's attack.
The deep troll claws you but does no damage.
The deep elf annihilator mumbles some strange words.
The deep elf annihilator blinks!
Unknown command.
Okay, then.
Nature churns violently around you!
The blast of rubble hits the deep troll earth mage!!
Flame seeps out of the deep troll earth mage.
The deep troll earth mage is heavily wounded.
The blast of rubble hits the yaktaur captain!!
Flame seeps out of the yaktaur captain.
The yaktaur captain is moderately wounded.
The blast of rubble hits the deep troll earth mage!!!
Flame seeps out of the deep troll earth mage.
The deep troll earth mage is almost dead.
The blast of rubble hits the phantasmal warrior but does no damage.
The blast of rubble hits the deep troll!!
Flame seeps out of the deep troll.
The deep troll is moderately wounded.
The blast of ice hits the deep troll earth mage!!
Qazlal accepts your kill.
The blast of ice hits the deep troll!!!
Flame seeps out of the deep troll.
The deep troll is almost dead.
The deep troll is flash-frozen.
The blast of ice hits the ironbound preserver!!!
Flame seeps out of the ironbound preserver.
The ironbound preserver is heavily wounded.
The ironbound preserver is flash-frozen.
The blast of ice hits the deep troll earth mage!!!
Qazlal accepts your kill.
The blast of ice hits the stone giant!!!
Flame seeps out of the stone giant.
The stone giant is heavily wounded.
The stone giant is flash-frozen.
The blast of ice hits the ironbound preserver!!
Flame seeps out of the ironbound preserver.
The ironbound preserver is severely wounded.
The blast of ice hits the entropy weaver!!
Qazlal accepts your kill.
The blast of magma engulfs the vault warden!!!
Flame seeps out of the vault warden.
The vault warden is severely wounded.
The blast of magma engulfs the ettin!!
The ettin is heavily wounded.
The blast of rubble hits the vault sentinel!!!
Qazlal accepts your kill.
The blast of rubble hits the deep troll!!!
Flame seeps out of the deep troll.
The deep troll is almost dead.
The blast of rubble hits the golden dragon.
Flame seeps out of the golden dragon.
The golden dragon is lightly wounded.
The blast of rubble hits the deep troll!!
Flame seeps out of the deep troll.
The deep troll is heavily wounded.
The blast of rubble hits the ironbound preserver!!!
Flame seeps out of the ironbound preserver.
The ironbound preserver is moderately wounded.
The blast of rubble hits the deep elf sorcerer!!!
Flame seeps out of the deep elf sorcerer.
The deep elf sorcerer is severely wounded.
The blast of rubble hits the deep troll!
Flame seeps out of the deep troll.
The deep troll is almost dead.
The blast of rubble hits the deep troll!!
Flame seeps out of the deep troll.
The deep troll is almost dead.
The blast of rubble hits the vault warden!
Flame seeps out of the vault warden.
The vault warden is severely wounded.
The blast of ice hits the polar bear!
The polar bear partially resists.
The polar bear is moderately wounded.
The polar bear is flash-frozen.
The blast of ice hits the ettin!!!
You kill the ettin!
Qazlal accepts your kill.
The blast of ice hits the vault warden!!!
Qazlal accepts your kill.
The blast of magma engulfs the ettin!
Flame seeps out of the ettin.
The ettin is lightly wounded.
The blast of magma engulfs the yaktaur captain!!!
Flame seeps out of the yaktaur captain.
The yaktaur captain is heavily wounded.
The cutting wind hits the yaktaur captain!!!
Qazlal accepts your kill.
The cutting wind hits the ettin!!!
Flame seeps out of the ettin.
The ettin is almost dead.
The cutting wind hits the phantasmal warrior!!
Flame seeps out of the phantasmal warrior.
The phantasmal warrior is heavily damaged.
The blast of ice hits the deep troll!!!
Qazlal accepts your kill.
The blast of ice hits the deep troll!!
Flame seeps out of the deep troll.
The deep troll is heavily wounded.
The deep troll is flash-frozen.
The blast of magma engulfs the golden dragon!!
The golden dragon partially resists.
Flame seeps out of the golden dragon.
The golden dragon is moderately wounded.
You hear a sizzling sound!
The deep troll explodes!
The yaktaur captain explodes!
The vault warden explodes!
The vault sentinel explodes!
The fiery explosion engulfs the deep troll!
Flame seeps out of the deep troll.
The deep troll is severely wounded.
The fiery explosion engulfs the golden dragon!
The golden dragon resists.
Flame seeps out of the golden dragon.
The golden dragon is heavily wounded.
The fiery explosion engulfs the ironbound preserver!!!
Flame seeps out of the ironbound preserver.
The ironbound preserver is severely wounded.
The entropy weaver explodes!
The fiery explosion engulfs the phantasmal warrior!!
Flame seeps out of the phantasmal warrior.
The phantasmal warrior is severely damaged.
The fiery explosion engulfs the deep elf annihilator!!
Flame seeps out of the deep elf annihilator.
The deep elf annihilator is heavily wounded.
The fiery explosion engulfs you!
The fiery explosion engulfs the vault guard!!
Qazlal accepts your kill.
The fiery explosion engulfs the stone giant!!
Flame seeps out of the stone giant.
The stone giant is severely wounded.
The vault guard explodes!
The fiery explosion engulfs you!!
The fiery explosion engulfs the phantasmal warrior!!
Qazlal accepts your kill.
The fiery explosion engulfs the stone giant!!!
Qazlal accepts your kill.
The fiery explosion engulfs the yaktaur captain!!!
Flame seeps out of the yaktaur captain.
The yaktaur captain is severely wounded.
The fiery explosion engulfs the ironbound preserver!!
Flame seeps out of the ironbound preserver.
The ironbound preserver is almost dead.
The stone giant explodes!
The fiery explosion engulfs the yaktaur captain!!!
Qazlal accepts your kill.
The fiery explosion engulfs the ironbound preserver!!!
Qazlal accepts your kill.
The fiery explosion engulfs the deep elf annihilator!!!
Qazlal accepts your kill. The fiery explosion engulfs you!!!
* * * LOW HITPOINT WARNING * * *
The deep elf annihilator explodes!
The fiery explosion engulfs the deep troll!!!
Qazlal accepts your kill.
The fiery explosion engulfs the deep elf sorcerer!!!
Qazlal accepts your kill.
The fiery explosion engulfs the deep troll!!
Qazlal accepts your kill. The fiery explosion engulfs you!!!
* * * LOW MAGIC WARNING * * *;
* * * LOW HITPOINT WARNING * * *
The fiery explosion engulfs the lich!!
The lich is moderately damaged.
The fiery explosion engulfs the phantasmal warrior!!!
Qazlal accepts your kill.
The phantasmal warrior explodes!
The fiery explosion engulfs the lich.
The lich is moderately damaged.
The deep troll explodes!
The fiery explosion engulfs the ironbound preserver!!
Flame seeps out of the ironbound preserver.
The ironbound preserver is almost dead.
The fiery explosion engulfs you!!
* * * LOW MAGIC WARNING * * *;
* * * LOW HITPOINT WARNING * * *
The fiery explosion engulfs the lich!!
The lich is severely damaged.
The deep elf sorcerer explodes!
The fiery explosion engulfs the lich!
The lich is almost destroyed.
The deep troll explodes!
The fiery explosion engulfs the deep troll!!!
Qazlal accepts your kill.
The fiery explosion engulfs the ironbound preserver!!
Qazlal accepts your kill. The fiery explosion engulfs you!!!
* * * LOW MAGIC WARNING * * *
You die...

#...9#..#.. .
#....#T.#.
#.##....#§§§
#..≈....○○
##≈≈......#####
.≈≈≈.[.°§○§....
.....○§§°○§....
...§T○○@§§§....
..≈§§§○°§°.....
##§§D§○L○§.####
.§○§§§§§°§...
≈§§#§§§.§○§##..
#h #§§§§#§## #
# #§§§.#C#
#≈.§§#≈.


You could see a golden dragon (inner flame), a lich, an ettin (inner flame), 2
deep trolls, a war gargoyle and a polar bear shaped shifter (frozen).

Vanquished Creatures
  Arachne (Spider:3)
  Jorgrun (Spider:3)
  Asterion (Spider:3)
  2 titans
  Frances (Shoals:1)
  A sphinx (Vaults:4)
  2 tengu reavers
  2 storm dragons
  3 fire giants
  A deep elf sorcerer (Vaults:5)
  3 ghost moths (Spider:4)
  16 vault wardens
  An iron dragon (Vaults:3)
  5 emperor scorpions
  Louise (Shoals:1)
  21 ironbound preservers
  A war gargoyle (Vaults:2)
  A very ugly thing (Vaults:1)
  2 stone giants
  Azrael (D:13)
  Nessos (D:15)
  A deep elf annihilator (Vaults:5)
  2 entropy weavers
  A spark wasp (Spider:4)
  11 dire elephants
  A spark wasp (shapeshifter) (Lair:6)
  Snorg (Orc:2)
  2 deep elf death magi
  3 ettins
  4 merfolk javelineers
  A fire dragon (Volcano)
  4 merfolk impalers
  2 deep elf high priests
  9 yaktaur captains
  Harold (D:7)
  40 vault guards
  9 hydras
  8 great orbs of eyes
  7 ironbound thunderhulks
  2 boulder beetles
  An ogre mage (D:15)
  A peacekeeper (Vaults:2)
  A catoblepas (shapeshifter) (Lair:6)
  3 merfolk aquamancers
  9 two-headed ogres
  13 ironbound frosthearts
  A tengu warrior (D:14)
  5 merfolk avatars
  A two-headed ogre (shapeshifter) (D:13)
  4 centaur warriors
  Urug (Orc:2)
  5 satyrs
  5 death yaks (Lair:5)
  2 deep troll earth magi (Vaults:5)
  An orc high priest (Orc:1)
  2 thrashing horrors (Lair:6)
  A hell knight (D:14)
  4 sun demons (Volcano)
  6 skeletal warriors
  9 sea snakes
  A swamp dragon (D:14)
  51 deep trolls
  10 wizards
  24 harpies
  11 lindwurms
  5 phantasmal warriors
  5 spectral wolf spiders (Spider:3)
  5 orc knights
  17 ironbound convokers
  4 necromancers
  5 deep elf pyromancers
  20 orb spiders
  An iron dragon zombie (Vaults:4)
  A shining eye (shapeshifter) (Vaults:3)
  37 fauns
  24 wolf spiders
  A wolf spider zombie (Spider:3)
  An orc sorcerer (Orc:1)
  25 ugly things
  12 manticores
  A black mamba (shapeshifter) (Vaults:3)
  A guardian serpent (shapeshifter) (D:14)
  7 cyclopes
  14 merfolk sirens
  A human skeleton (Vaults:4)
  A stone giant skeleton (Vaults:4)
  20 elephants
  17 vault sentinels
  A water nymph (shapeshifter) (Vaults:4)
  5 water nymphs
  12 cane toads
  4 black mambas
  2 naga magi (D:15)
  An eye of devastation (shapeshifter) (Vaults:3)
  3 smoke demons
  4 unseen horrors
  An elf skeleton (Vaults:4)
  A torpor snail (Lair:3)
  A freezing wraith (Vaults:2)
  3 rime drakes (Lair:2)
  An efreet (D:13)
  A kobold demonologist (D:13)
  21 yaktaurs
  A tengu conjurer (D:15)
  4 komodo dragons
  9 demonic crawlers
  2 ancient zymes (Lair:6)
  3 trolls
  16 merfolk
  31 jumping spiders
  2 wolf spider simulacra (Spider:3)
  A tengu simulacrum (Vaults:4)
  5 hornets
  A polar bear (Lair:3)
  6 wind drakes
  Grinder (D:6)
  12 blink frogs (Lair:6)
  37 slime creatures
  4 dream sheep
  12 snapping turtles
  2 shadows
  2 spriggans (Lair:6)
  2 vampires
  55 redbacks
  24 tarantellas
  A human (shapeshifter) (Vaults:1)
  46 yaks
  A large abomination (Lair:6)
  2 wyverns
  8 water elementals
  3 wraiths
  4 fire elementals
  3 chaos spawn (Lair:6)
  7 basilisks
  8 small abominations (Lair:6)
  3 vampire mosquitoes
  7 steam dragons
  4 wargs (Orc:2)
  9 water moccasins
  2 acid dragons
  8 hell hounds
  26 orc warriors
  2 sky beasts
  6 black bears
  An ice beast (D:7)
  12 ogres
  A hornet zombie (D:5)
  2 necrophages
  An ettin simulacrum (Vaults:4)
  A black bear (shapeshifter) (Vaults:1)
  25 centaurs
  52 wolves
  5 kobold brigands
  A wyvern zombie (D:5)
  11 bullfrogs
  2 scorpions
  A water moccasin skeleton (D:5)
  5 electric eels
  6 wights (D:9)
  A howler monkey (D:10)
  5 centaur zombies
  7 orc priests
  2 bullfrog skeletons
  4 centaur skeletons
  3 hounds
  An iguana (D:4)
  4 jellies
  12 orc wizards
  6 hell rats (Lair:4)
  A howler monkey zombie (D:7)
  3 gnolls (D:4)
  4 adders
  A howler monkey skeleton (D:7)
  4 white imps
  4 ufetubi
  4 worms
  4 dart slugs
  57 orcs
  A bat (D:2)
  11 endoplasms
  2 giant cockroaches (D:1)
  8 goblins
  5 hobgoblins
  15 kobolds
  2 quokkas
  7 ball pythons
  4 frilled lizards
  5 rats
1330 creatures vanquished.

Vanquished Creatures (collateral kills)
  Frederick (Vaults:4)
  An orc warlord (Vaults:2)
  A centaur warrior (D:14)
  2 orc knights (Vaults:2)
  An ugly thing (D:14)
  A blink frog (Lair:6)
7 creatures vanquished.

Vanquished Creatures (others)
  A vault warden (Vaults:4)
  A tengu warrior (D:15)
  A faun (Shoals:1)
  A redback (Spider:4)
  An orc wizard (Orc:2)
  31 fungi
  210 plants
  4 withered plants (Spider:2)
250 creatures vanquished.

Grand Total: 1587 creatures vanquished

Notes
Turn   | Place    | Note
-------+----------+-------------------------------------------
     0 | D:1      | sleeves the Demonspawn Fighter began the quest for the Orb.
     0 | D:1      | Reached XP level 1. HP: 18/18 MP: 1/1
    44 | D:1      | Reached skill level 2 in Axes
   319 | D:1      | Gained mutation: You are partially covered in sharp spines.
                  | [demonic ancestry]
   319 | D:1      | Reached XP level 2. HP: 23/24 MP: 2/2
   879 | D:2      | Reached skill level 3 in Axes
   903 | D:2      | Found a faded altar of an unknown god.
  1059 | D:2      | Reached XP level 3. HP: 28/29 MP: 3/3
  1136 | D:2      | Found an ornate altar of the Wu Jian Council.
  1705 | D:3      | Noticed an ogre
  1863 | D:3      | Found a snail-covered altar of Cheibriados.
  2055 | D:3      | Found Verokhan's General Store.
  2062 | D:3      | Bought a scroll of identify for 20 gold pieces
  2113 | D:3      | HP: 13/29 [ogre (6)]
  2114 | D:3      | HP: 5/29 [ogre (8)]
  2117 | D:3      | Killed an ogre
  2118 | D:3      | Reached skill level 4 in Axes
  2118 | D:3      | Gained mutation: Your touch may inflict minor irresistible
                  | damage on your foes. [demonic ancestry]
  2118 | D:3      | Reached XP level 4. HP: 7/35 MP: 4/4
  2118 | D:3      | Gained mutation: You are mostly covered in sharp spines.
                  | [demonic ancestry]
  2118 | D:3      | Reached XP level 5. HP: 8/41 MP: 5/5
  2413 | D:3      | HP: 10/41 [orc priest/nerve-wracking pain (14)]
  2417 | D:3      | Reached skill level 5 in Axes
  3022 | D:3      | HP: 19/41 [adder (2)]
  3027 | D:3      | HP: 14/41 [poisoned by an adder]
  3309 | D:4      | Reached XP level 6. HP: 47/47 MP: 6/6
  3430 | D:4      | Found an iron altar of Okawaru.
  3633 | D:4      | HP: 21/47 [ogre (26)]
  3734 | D:4      | HP: 22/47 [ogre (14)]
  3737 | D:4      | Reached skill level 6 in Axes
  4009 | D:4      | HP: 21/46 [gnoll (6)]
  4014 | D:4      | HP: 9/47 [gnoll (2)]
  4020 | D:4      | HP: 8/47 [gnoll (1)]
  4438 | D:4      | Found a staircase to the Ecumenical Temple.
  4467 | Temple   | Entered the Ecumenical Temple
  4644 | Temple   | Became a worshipper of Qazlal Stormbringer
  4821 | D:4      | Reached skill level 7 in Axes
  4821 | D:4      | Gained mutation: You regenerate magic rapidly. [demonic
                  | ancestry]
  4821 | D:4      | Reached XP level 7. HP: 36/52 MP: 7/7
  5523 | D:5      | Entered Level 5 of the Dungeon
  5619 | D:5      | Reached skill level 8 in Axes
  5753 | D:5      | Found a shimmering altar of Xom.
  5753 | D:5      | Found a hazy altar of Hepliaklqana.
  5756 | D:5      | Found a radiant altar of Vehumet.
  6008 | D:5      | HP: 15/52 [ogre (28)]
  6012 | D:5      | Gained mutation: Your touch may inflict irresistible damage
                  | on your foes. [demonic ancestry]
  6012 | D:5      | Reached XP level 8. HP: 17/58 MP: 8/8
  6335 | D:5      | Reached skill level 9 in Axes
  7143 | D:6      | Found a hide-covered altar of Uskayaw.
  7272 | D:6      | Reached skill level 3 in Armour
  7272 | D:6      | Reached skill level 1 in Invocations
  7585 | D:6      | Noticed Grinder
  7621 | D:6      | Paralysed by Grinder for 4 turns
  7629 | D:6      | Killed Grinder
  7630 | D:6      | Reached skill level 2 in Invocations
  7708 | D:6      | Reached * piety under Qazlal
  7709 | D:6      | Reached skill level 3 in Invocations
  8048 | D:7      | Reached skill level 4 in Fighting
  8082 | D:7      | Gained mutation: You are completely covered in sharp
                  | spines. [demonic ancestry]
  8082 | D:7      | Reached XP level 9. HP: 65/65 MP: 11/11
  8212 | D:7      | Reached skill level 10 in Axes
  8217 | D:7      | Reached skill level 4 in Armour
  8237 | D:7      | Found a shadowy altar of Dithmenos.
  8310 | D:7      | Noticed Harold
  8320 | D:7      | HP: 32/66 [Harold (24)]
  8325 | D:7      | HP: 21/66 [Harold (2)]
  8330 | D:7      | HP: 16/66 [Harold (6)]
  8331 | D:7      | Killed Harold
  8332 | D:7      | Reached skill level 5 in Fighting
  8332 | D:7      | Reached skill level 5 in Invocations
  8827 | D:7      | Found a runed translucent gate.
  8827 | D:7      | Found a runed translucent gate.
  8827 | D:7      | Found a runed translucent gate.
  8827 | D:7      | Noticed pokedragonboy's ghost (novice DECj)
  9062 | D:7      | Identified the +0 trident of the People {flame, rElec
                  | Dex+2}
  9451 | D:8      | Found Cakopsog's Magic Scroll Shoppe.
  9466 | D:8      | Bought a scroll of blinking for 105 gold pieces
  9550 | D:8      | Found Odghizyto's Armour Shoppe.
  9569 | D:8      | Noticed a komodo dragon
  9585 | D:8      | Killed a komodo dragon
  9586 | D:8      | Reached skill level 5 in Armour
  9614 | D:8      | Reached skill level 6 in Invocations
 10067 | D:8      | Found a staircase to the Lair.
 10077 | D:8      | Gained mutation: You are partially covered in large bone
                  | plates. (SH +4) [demonic ancestry]
 10077 | D:8      | Reached XP level 10. HP: 50/76 MP: 14/14
 10343 | D:8      | Reached ** piety under Qazlal
 10468 | D:9      | Reached skill level 6 in Fighting
 10479 | D:9      | Reached skill level 7 in Invocations
 10638 | D:9      | Reached skill level 6 in Armour
 10640 | D:9      | Reached skill level 11 in Axes
 10770 | D:9      | Found a shimmering blue altar of Sif Muna.
 10952 | D:9      | Noticed a two-headed ogre
 10958 | D:9      | HP: 37/77 [two-headed ogre (16)]
 10960 | D:9      | Killed a two-headed ogre
 10961 | D:9      | Reached skill level 7 in Fighting
 10961 | D:9      | Reached skill level 8 in Invocations
 11634 | D:10     | Entered Level 10 of the Dungeon
 11639 | D:10     | Noticed a two-headed ogre
 11646 | D:10     | HP: 35/79 [two-headed ogre (11)]
 11649 | D:10     | Killed a two-headed ogre
 11887 | D:10     | Gained mutation: You are mostly covered in large bone
                  | plates. (SH +6) [demonic ancestry]
 11887 | D:10     | Reached XP level 11. HP: 84/84 MP: 17/17
 11901 | D:10     | Reached skill level 9 in Invocations
 12067 | D:10     | Noticed a two-headed ogre
 12071 | D:10     | Reached skill level 7 in Armour
 12078 | D:10     | HP: 34/84 [two-headed ogre (10)]
 12081 | D:10     | Killed a two-headed ogre
 12358 | D:10     | Found a burning altar of Makhleb.
 12358 | D:10     | Noticed a cacodemon
 12378 | D:10     | Found a sparkling altar of Nemelex Xobeh.
 12452 | D:10     | Found a broken altar of Ashenzari.
 12543 | D:10     | Identified the +5 falchion of Incongruity {flame, Stlth+}
 12760 | D:10     | Found a sacrificial altar of Ru.
 12825 | D:10     | Reached skill level 3 in Shields
 12951 | D:11     | Noticed a two-headed ogre
 12958 | D:11     | HP: 36/85 [two-headed ogre (25)]
 13263 | D:11     | Noticed a two-headed ogre
 13271 | D:11     | Reached *** piety under Qazlal
 13281 | D:11     | Killed a two-headed ogre
 13282 | D:11     | Reached skill level 4 in Shields
 13544 | D:11     | Found a staircase to the Orcish Mines.
 13571 | D:11     | HP: 34/86 [vampire/vampiric draining (13)]
 13576 | D:11     | HP: 23/86 [something (5)]
 13915 | D:11     | Killed a two-headed ogre
 13916 | D:11     | Reached skill level 8 in Fighting
 14189 | D:11     | Identified the +2 pair of gloves "Qilesk" {rC+ rN+}
 14392 | D:11     | Identified the +1 whip "Lorun" {elec, rCorr MP+9 SInv}
 14426 | D:11     | Reached skill level 10 in Invocations
 14904 | D:12     | Noticed a deep elf pyromancer
 14914 | D:12     | Killed a deep elf pyromancer
 14930 | D:12     | Noticed a cyan ugly thing
 14956 | D:12     | Killed a cyan ugly thing
 15173 | D:12     | Noticed a two-headed ogre
 15185 | D:12     | Killed a two-headed ogre
 15186 | D:12     | Reached skill level 12 in Axes
 15258 | D:12     | You fall into a shaft and drop 2 floors!
 15259 | D:14     | Noticed a centaur warrior
 15260 | D:14     | Noticed a red ugly thing
 15263 | D:14     | Noticed a red ugly thing
 15264 | D:14     | Noticed a red ugly thing
 15277 | D:14     | HP: 42/87 [red ugly thing (8)]
 15281 | D:14     | Killed a red ugly thing
 15282 | D:14     | Reached skill level 8 in Armour
 15282 | D:14     | HP: 26/87 [red ugly thing (9)]
 15283 | D:14     | Killed a red ugly thing
 15286 | D:14     | HP: 7/87 [red ugly thing (9)]
 15290 | D:14     | Killed a centaur warrior
 15291 | D:14     | Gained mutation: Your touch may irresistibly damage your
                  | foes and sap their willpower. [demonic ancestry]
 15291 | D:14     | Reached XP level 12. HP: 8/94 MP: 20/20
 15296 | D:14     | Reached skill level 9 in Fighting
 15791 | D:14     | Found a gate to the Vaults.
 15796 | D:13     | Noticed a boulder beetle
 15821 | D:13     | Reached **** piety under Qazlal
 15823 | D:13     | Reached skill level 11 in Invocations
 15823 | D:13     | Killed a boulder beetle
 16039 | D:13     | HP: 43/95 [troll (10)]
 16272 | D:13     | Noticed Azrael
 16287 | D:13     | HP: 37/95 [Azrael/fireball (14)]
 16288 | D:13     | HP: 18/95 [Azrael/bolt of fire (9)]
 16289 | D:13     | Killed Azrael
 16599 | D:13     | Noticed a centaur warrior
 16606 | D:13     | Killed a centaur warrior
 16624 | D:13     | Noticed a two-headed ogre
 16624 | D:13     | a salamander changed into a two-headed ogre
 16632 | D:13     | Killed a two-headed ogre
 17376 | D:13     | Reached skill level 9 in Armour
 17568 | D:13     | Noticed a two-headed ogre
 17574 | D:13     | Reached skill level 12 in Invocations
 17576 | D:13     | Killed a two-headed ogre
 17581 | D:13     | Reached skill level 10 in Fighting
 18234 | D:14     | Noticed a two-headed ogre
 18241 | D:14     | HP: 45/97 [slime creature (13)]
 18242 | D:14     | Killed a two-headed ogre
 18461 | D:14     | Noticed a centaur warrior
 18474 | D:14     | Killed a centaur warrior
 18493 | D:14     | HP: 36/97 [skeletal warrior (17)]
 18499 | D:14     | Reached skill level 13 in Axes
 18511 | D:14     | Noticed a centaur warrior
 18515 | D:14     | Killed a centaur warrior
 18516 | D:14     | Noticed a tengu warrior
 18535 | D:14     | Gained mutation: You are completely covered in large bone
                  | plates. (SH +8) [demonic ancestry]
 18535 | D:14     | Reached XP level 13. HP: 49/104 MP: 22/22
 18537 | D:14     | HP: 36/104 [tengu warrior (14)]
 18845 | D:14     | Noticed a fire giant
 18846 | D:14     | HP: 45/104 [hell knight (27)]
 18848 | D:14     | HP: 11/104 [hell knight (19)]
 19202 | D:13     | HP: 38/104 [fire giant (26)]
 19206 | D:13     | HP: 7/104 [fire giant (17)]
 19206 | D:13     | HP: 3/104 [fire giant (4)]
 19207 | D:13     | Killed a fire giant
 19590 | D:14     | Reached skill level 13 in Invocations
 19812 | D:14     | Identified the +3 bardiche of the Scorching King {drain,
                  | Dex+5}
 19843 | D:14     | HP: 48/104 [enormous slime creature (56)]
 19880 | D:14     | HP: 49/104 [slime creature (9)]
 20168 | D:14     | Found an ancient bone altar of Kikubaaqudgha.
 20650 | D:15     | Entered Level 15 of the Dungeon
 20705 | D:15     | HP: 46/105 [tengu warrior (12)]
 20708 | D:15     | HP: 20/105 [tengu warrior (12)]
 20712 | D:15     | Reached skill level 10 in Armour
 21113 | D:15     | Reached skill level 11 in Fighting
 21211 | D:15     | HP: 52/106 [skeletal warrior (4)]
 21218 | D:15     | HP: 51/106 [skeletal warrior[a skeletal warrior] (3)]
 21616 | D:15     | Reached skill level 14 in Invocations
 21643 | D:15     | Found a staircase to the Depths.
 21908 | D:15     | HP: 53/106 [cyan ugly thing (16)]
 21924 | D:15     | HP: 47/106 [red ugly thing (9)]
 21932 | D:15     | HP: 48/106 [red ugly thing (1)]
 21940 | D:15     | HP: 36/106 [basilisk (5)]
 22319 | D:15     | Noticed Nessos
 22325 | D:15     | Killed Nessos
 22564 | D:15     | HP: 42/107 [five-headed hydra (12)]
 22569 | D:15     | Reached XP level 14. HP: 26/114 MP: 24/24
 23092 | Orc:1    | Entered Level 1 of the Orcish Mines
 23131 | Orc:1    | Reached ***** piety under Qazlal
 23150 | Orc:1    | HP: 54/114 [sun demon[an orc high priest] (16)]
 23966 | Orc:2    | Entered Level 2 of the Orcish Mines
 23974 | Orc:2    | Reached skill level 14 in Axes
 24066 | Orc:2    | Reached skill level 11 in Armour
 24088 | Orc:2    | HP: 46/114 [orc knight (13)]
 24333 | Orc:2    | Reached skill level 12 in Fighting
 24387 | Orc:2    | Noticed Snorg
 24422 | Orc:2    | Killed Snorg
 24701 | Orc:2    | Noticed Urug
 24721 | Orc:2    | Killed Urug
 24986 | Orc:2    | Found a staircase to the Elven Halls.
 24989 | Orc:2    | Reached skill level 15 in Invocations
 25170 | Orc:2    | Found Rekovezxi's Antique Weapon Boutique.
 25170 | Orc:2    | Found Fupoz's Magic Scroll Emporium.
 25172 | Orc:2    | Found Ynosoc's Jewellery Shoppe.
 25174 | Orc:2    | Found Usaseu's Assorted Antiques.
 25585 | Lair:1   | Entered Level 1 of the Lair of Beasts
 25719 | Lair:1   | Reached ****** piety under Qazlal
 25907 | Lair:1   | You fall into a shaft and drop 1 floor!
 26256 | Lair:1   | Found a dark tunnel.
 26263 | Volcano  | Entered a volcano
 26549 | Volcano  | HP: 57/116 [fire dragon (4)]
 26554 | Volcano  | HP: 49/116 [fire dragon (9)]
 28254 | Lair:3   | Reached skill level 16 in Invocations
 28891 | Lair:3   | Reached skill level 13 in Fighting
 28948 | Lair:3   | Found a hole to the Spider Nest.
 28972 | Lair:3   | Reached skill level 12 in Armour
 28972 | Lair:3   | Reached XP level 15. HP: 123/123 MP: 27/27
 29036 | Lair:3   | Found a staircase to the Shoals.
 30451 | Lair:5   | Reached skill level 15 in Axes
 30642 | Lair:5   | Found a staircase to the Slime Pits.
 31331 | Lair:6   | Entered Level 6 of the Lair of Beasts
 31560 | Lair:6   | Identified the +6 great sword of the Skies Above {vorpal,
                  | rN+ Int+3}
 31768 | Lair:6   | Reached skill level 17 in Invocations
 31771 | Lair:6   | HP: 61/125 [smoke demon/divine providence (10)]
 31777 | Lair:6   | HP: 52/125 [smoke demon/divine providence (9)]
 31787 | Lair:6   | HP: 40/125 [blink frog (9)]
 32889 | Lair:6   | Found a corrupted altar of Lugonu.
 32889 | Lair:6   | Found a one-way gate to the infinite horrors of the Abyss.
 33031 | Spider:1 | Entered Level 1 of the Spider Nest
 33050 | Spider:1 | Reached skill level 14 in Fighting
 33059 | Spider:1 | HP: 56/126 [demonic crawler (8)]
 33304 | Lair:3   | HP: 63/126 [poisoned by a wolf spider]
 33603 | Spider:1 | Reached skill level 13 in Armour
 33606 | Spider:1 | Reached skill level 1 in Dodging
 33846 | Spider:1 | Gained mutation: You punish those that try to bend your
                  | will. (Will+) [demonic ancestry]
 33846 | Spider:1 | Reached XP level 16. HP: 110/133 MP: 28/28
 33905 | Spider:1 | Reached skill level 2 in Dodging
 34208 | Spider:1 | Identified the +9 mace "Weagoag Egge" {vorpal, rF+}
 34463 | Spider:2 | HP: 67/134 [demonic crawler (5)]
 34477 | Spider:2 | HP: 63/134 [redback (4)]
 34517 | Spider:2 | HP: 59/134 [poisoned by a redback]
 34815 | Spider:2 | Reached skill level 3 in Dodging
 34836 | Spider:2 | Reached skill level 18 in Invocations
 35253 | Spider:2 | Found a runed translucent gate.
 35253 | Spider:2 | Found a runed translucent gate.
 35253 | Spider:2 | Found a runed translucent gate.
 35255 | Spider:2 | Noticed Zogeunol's ghost (adept VSFi)
 35256 | Spider:2 | Noticed Vuykkinei's ghost (adept TrBe)
 35334 | Spider:3 | Noticed Jorgrun
 35348 | Spider:3 | Killed Jorgrun
 35351 | Spider:3 | HP: 56/134 [emperor scorpion (13)]
 35715 | Spider:3 | Reached skill level 16 in Axes
 35757 | Spider:3 | Noticed Asterion
 35773 | Spider:3 | Killed Asterion
 35774 | Spider:3 | Reached skill level 4 in Dodging
 36066 | Spider:3 | Noticed Arachne
 36086 | Spider:3 | HP: 49/134 [Arachne/poison arrow (20)]
 36087 | Spider:3 | Killed Arachne
 36091 | Spider:3 | HP: 36/134 [poisoned by Arachne (poison arrow)]
 36096 | Spider:3 | HP: 31/134 [poisoned by Arachne (poison arrow)]
 36699 | Spider:3 | Identified 2 scrolls of acquirement
 36700 | Spider:3 | Acquired a +1 vorpal executioner's axe
 36702 | Spider:3 | Acquired a manual of Axes
 37333 | Spider:4 | Entered Level 4 of the Spider Nest
 37542 | Spider:4 | HP: 59/134 [spark wasp/living lightning (13)]
 37551 | Spider:4 | HP: 47/134 [wolf spider (6)]
 37553 | Spider:4 | Reached skill level 15 in Fighting
 37854 | Spider:4 | Reached skill level 5 in Dodging
 38050 | Spider:4 | HP: 62/136 [emperor scorpion (8)]
 38052 | Spider:4 | HP: 27/136 [emperor scorpion (21)]
 38054 | Spider:4 | HP: 11/136 [emperor scorpion (5)]
 38062 | Spider:4 | HP: 13/136 [demonic crawler (1)]
 38507 | Spider:4 | Reached skill level 19 in Invocations
 38766 | Spider:4 | HP: 66/136 [emperor scorpion (4)]
 38771 | Spider:4 | HP: 45/136 [poisoned by an emperor scorpion]
 38776 | Spider:4 | HP: 29/136 [poisoned by an emperor scorpion]
 39383 | Spider:4 | Reached skill level 17 in Axes
 39383 | Spider:4 | Reached skill level 6 in Dodging
 39383 | Spider:4 | Gained mutation: When hurt, damage is shared between your
                  | health and your magic reserves. [demonic ancestry]
 39383 | Spider:4 | Reached XP level 17. HP: 111/142 MP: 0/30
 39621 | Spider:4 | Got a gossamer rune of Zot
 39925 | Shoals:1 | Entered Level 1 of the Shoals
 39925 | Shoals:1 | Noticed Frances
 39932 | Shoals:1 | Killed Frances
 39935 | Shoals:1 | Noticed Louise
 39954 | Shoals:1 | Killed Louise
 39960 | Shoals:1 | HP: 66/142 [manticore/volley of spikes (6)]
 39974 | Shoals:1 | HP: 66/142 [barbs]
 40989 | Shoals:2 | Reached skill level 7 in Dodging
 41472 | Shoals:2 | Noticed a titan
 41490 | Shoals:2 | Killed a titan
 41804 | Shoals:2 | Reached skill level 20 in Invocations
 41841 | Shoals:2 | Reached skill level 18 in Axes
 42029 | Shoals:2 | Found Quxewukh's Mass Market.
 42570 | Shoals:2 | Reached skill level 8 in Dodging
 43098 | Shoals:3 | HP: 70/142 [merfolk javelineer/silver javelin (3)]
 43103 | Shoals:3 | HP: 47/142 [merfolk javelineer/silver javelin (1)]
 44072 | Shoals:4 | Entered Level 4 of the Shoals
 44660 | Shoals:4 | HP: 71/142 [poisoned by a merfolk impaler]
 44661 | Shoals:4 | Reached skill level 19 in Axes
 44661 | Shoals:4 | Reached XP level 18. HP: 74/149 MP: 21/32
 44665 | Shoals:4 | HP: 66/149 [poisoned by a merfolk impaler]
 44670 | Shoals:4 | HP: 54/149 [poisoned by a merfolk impaler]
 44677 | Shoals:4 | HP: 55/149 [wind drake (1)]
 44685 | Shoals:4 | HP: 50/149 [wind drake (2)]
 44692 | Shoals:4 | Reached skill level 9 in Dodging
 44735 | Shoals:4 | Reached skill level 21 in Invocations
 45282 | Shoals:4 | HP: 74/149 [poisoned by a sea snake]
 45558 | Shoals:4 | HP: 61/149 [satyr/arrow (23)]
 45560 | Shoals:4 | HP: 30/149 [merfolk javelineer/silver javelin (3)]
 45567 | Shoals:4 | HP: 23/149 [merfolk javelineer/silver javelin (10)]
 45582 | Shoals:4 | HP: 15/149 [merfolk javelineer/silver javelin (8)]
 46075 | Shoals:4 | Got the Papyrus of Poisonous Summoning
 46241 | Shoals:4 | HP: 74/149 [satyr/sling bullet (4)]
 46543 | Shoals:4 | Got a barnacled rune of Zot
 47001 | Vaults:1 | Entered Level 1 of the Vaults
 47357 | Shoals:2 | Identified the +4 pair of boots of Modesty {rElec Regen+
                  | Int+3}
 47567 | D:8      | Bought the +6 scale mail "Ineenus" {rC+ Int+4} for 789 gold
                  | pieces
 47850 | Vaults:1 | Found Vaacoexu's Magic Scroll Shoppe.
 47871 | Vaults:1 | HP: 69/149 [vault warden (23)]
 47872 | Vaults:1 | HP: 26/149 [vault warden (30)]
 47882 | Vaults:1 | HP: 53/149 [ironbound convoker (15)]
 48126 | Vaults:1 | Reached skill level 10 in Dodging
 48277 | Vaults:1 | Reached skill level 20 in Axes
 48359 | Vaults:1 | HP: 55/149 [vault warden (34)]
 48365 | Vaults:1 | HP: 35/149 [ironbound frostheart/creeping frost[a vault
                  | warden] (27)]
 48380 | Vaults:1 | HP: 54/149 [ironbound frostheart/creeping frost (6)]
 48386 | Vaults:1 | HP: 57/149 [great orb of eyes (1)]
 48793 | Vaults:1 | Reached skill level 14 in Armour
 49007 | Vaults:1 | Bought a scroll of acquirement for 624 gold pieces
 49007 | Vaults:1 | Bought a scroll of enchant weapon for 90 gold pieces
 49007 | Vaults:1 | Bought a scroll of teleportation for 36 gold pieces
 49195 | Vaults:1 | Identified the +1 robe "Waylelod" {Drain MP+9 Str+3 Int+3}
 49569 | Vaults:2 | Identified the +11 bardiche "Xapuvvauvu" {flame, rElec}
 49662 | Vaults:2 | Reached skill level 15 in Armour
 49664 | Vaults:2 | Gained mutation: You are resistant to unholy torment.
                  | [demonic ancestry]
 49664 | Vaults:2 | Reached XP level 19. HP: 130/155 MP: 29/33
 49920 | Vaults:2 | Paralysed by a great orb of eyes for 7 turns
 49927 | Vaults:2 | HP: 77/155 [yaktaur captain (1)]
 50019 | Vaults:2 | Reached skill level 16 in Armour
 50457 | Vaults:2 | Found a staircase to the Crypt.
 50703 | Vaults:2 | Found Papuis's Antique Weapon Emporium.
 50704 | Vaults:2 | You fall into a shaft and drop 1 floor!
 50804 | Vaults:3 | Reached skill level 17 in Armour
 50882 | Vaults:3 | HP: 71/148 [deep elf death mage/vampiric draining (26)]
 50890 | Vaults:3 | HP: 67/148 [ghostly deep elf death mage/vampiric draining
                  | (12)]
 50895 | Vaults:3 | HP: 62/149 [vault warden (1)]
 50904 | Vaults:3 | HP: 58/151 [vault warden (13)]
 50912 | Vaults:3 | HP: 58/153 [vault warden (8)]
 50921 | Vaults:3 | HP: 49/154 [vault guard[a vault warden] (7)]
 51098 | Vaults:3 | Identified the +6 chain mail "Laoll" {rElec rF- Int+4
                  | Dex+8}
 51174 | Vaults:3 | Reached skill level 4 in Spellcasting
 51174 | Vaults:3 | Gained mutation: When low on magic, you restore magic in
                  | place of health. [demonic ancestry]
 51174 | Vaults:3 | Reached XP level 20. HP: 117/162 MP: 17/34
 51392 | Vaults:3 | Reached skill level 18 in Armour
 52514 | Vaults:4 | Reached XP level 21. HP: 136/168 MP: 28/35
 52841 | Vaults:4 | Reached skill level 19 in Armour
 52984 | Vaults:4 | Noticed Frederick
 52996 | Vaults:4 | Killed Frederick
 53216 | Vaults:4 | HP: 83/168 [ironbound preserver (16)]
 53221 | Vaults:4 | HP: 70/168 [tengu reaver/bolt of lightning (2)]
 53226 | Vaults:4 | HP: 56/163 [ironbound preserver (5)]
 53235 | Vaults:4 | HP: 39/164 [ironbound frostheart/creeping frost (16)]
 53260 | Vaults:4 | HP: 58/168 [deep troll[an ironbound preserver] (8)]
 53347 | Vaults:4 | Reached skill level 20 in Armour
 53350 | Vaults:4 | Acquired 782 gold pieces
 53962 | Vaults:5 | Entered Level 5 of the Vaults
 53968 | Vaults:5 | HP: 84/168 [vault guard (7)]
 53970 | Vaults:5 | Reached skill level 22 in Invocations
 53970 | Vaults:5 | HP: 39/168 [spore (4)]
 54139 | Vaults:5 | Noticed a golden dragon
 54144 | Vaults:5 | HP: 74/168 [spore (48)]
 54144 | Vaults:5 | HP: 35/168 [spore (39)]
 54144 | Vaults:5 | HP: 12/168 [spore (23)]
 54144 | Vaults:5 | Killed by an exploding deep troll... ignited by their inner
                  | flame

Illustrated notes

Levels and vault maps discovered:
D:1:      dpeg_arrival_round_c, layout_basic
D:2:      layout_basic, basic_altar, shapermc_ecumenical_altar_mp_urbaneastern,
          minmay_misc_feat_diagonals, kennysheep_cross_room,
          minmay_indecisive_spiral
D:3:      layout_basic, kennysheep_slug_shrine, serial_shops,
          nicolae_square_shop
D:4:      layout_layer_cave, lemuel_doored_altar,
          minmay_temple_entry_gardened_gates, hangedman_decor_peaks_small,
          chequers_serial_rivers_micro_e
D:5:      layout_basic, nicolae_overflow_hidden_temple, minivault_1,
          minmay_misc_feat_encased
D:6:      layout_basic, lemuel_tele_altar, eat_drink_and_be_merry_uskayaw,
          mainiacjoe_overflow_small_starburst, serial_curves, eino_curves_02,
          eino_curves_02, eino_curves_02, eino_curves_04, nrook_mini_vaults,
          uniq_grinder
D:7:      layout_basic, grunt_dithmenos_smoke, ebering_ghost_rock_garden,
          uniq_harold
D:8:      layout_layer_cave, grunt_lair_entry_orc_guard_hut, serial_shops, shop,
          shop, shop, shop_fountains
D:9:      layout_roguey, mainiacjoe_overflow_boulevard
D:10:     layout_long_grid, nemelex_diamond_rough_becter,
          makhleb_altar_promises_db, mainiacjoe_overflow_tiny_flanked,
          kennysheep_flooded_box
D:11:     layout_stronghold, david_orc_2
D:12:     layout_irregular_city, minmay_misc_feat_plants,
          minmay_misc_feat_enclosed
D:13:     layout_stronghold, serial_column_ruins, column_ruins_open_medium,
          column_ruins_open_tiny, column_ruins_grid_1, column_ruins_open_tiny,
          column_ruins_grid_2, column_ruins_corridor_straight,
          kennysheep_big_empty_room, uniq_azrael
D:14:     minmay_the_grid_3x2 [minmay_the_grid_gridbox,
          minmay_the_grid_all_tris, minmay_the_grid_holed_spiral,
          minmay_the_grid_box_x, minmay_the_grid_dragon_b,
          minmay_the_grid_prize_diamond_cup], layout_irregular_city,
          minivault_27, minmay_misc_feat_hallway, serial_park_tiny_1,
          nicolae_kikubaaqudgha_miasma_corner
D:15:     grunt_enter_depths_magical_seal, layout_loops_ring, serial_park_gazebo
          [serial_park_minivault_5x5_4], wad_rectangle_vault, uniq_nessos
Temple:   compressed_dpeg_triangle_lava_temple
Lair:1:   layout_gridlike, enter_volcano_3, grunt_megastairs_5
Lair:2:   layout_chaotic_city, beast_lair_carwin_6
Lair:3:   layout_small_grid, minmay_shoals_entry_lonely_mermaid,
          nicolae_spider_entry_orb_guardian
Lair:4:   layout_cave_pods, lemuel_fruit_fields
Lair:5:   layout_loops_ring, nicolae_slime_entry_slimehenge,
          grunt_forest_large_clearings, serial_bayou_shore_a, grunt_megastairs_3
Lair:6:   hellmonk_lair_end_abyssal_woods, layout_regular_city
Shoals:1: layout_shoals, uniq_louise, uniq_frances
Shoals:2: cheibrodos_shoals_gigantism, layout_shoals, minmay_shop_mass,
          nicolae_shoals_lost_giant_amphitheater
Shoals:3: layout_shoals, nicolae_shoals_seven_spires
Shoals:4: shoals_end_grunt_garden, layout_shoals
Spider:1: nicolae_spider_mines_2
Spider:2: layout_spider_delve, gammafunk_ghost_cemetery
Spider:3: layout_chambers, nicolae_spider_undead_wolf_pack,
          hangedman_spider_tarantella_strand, uniq_arachne, uniq_jorgrun,
          uniq_asterion
Spider:4: grunt_spider_rune_parallel
Orc:1:    layout_diamond_mine
Orc:2:    st_orc_rangers, layout_diamond_mine, nicolae_orc_tapped_out,
          uniq_snorg, uniq_urug
Vaults:1: vaults_standard_mumra_x, v_rooms_4, v_misc_8,
          ontoclasm_vaults_decontamination, vaults_standard_mumra_lines,
          vaults_dpeg_cross, v_misc_26, v_alt_pattern_1, v_misc_19,
          hangedman_vaults_variations, st_lines,
          hangedman_vaults_stretched_pinwheel, ontoclasm_vaults_ligature,
          grunt_vaults_focal, serial_ice_m, layout_vaults_omnibox, serial_shops,
          nicolae_shop_competitors_out_of_business,
          portal_desolation_entry_garden
Vaults:2: v_misc_3, nicolae_vaults_little_squares_5,
          minmay_crypt_entry_simple_walls, ontoclasm_vaults_pinch,
          hangedman_vaults_stream, vaults_room_large_hall, v_misc_16,
          st_spiral_rooms, v_misc_9, ontoclasm_vaults_gateway,
          vaults_room_semicircle, layout_vaults_chaotic_city, serial_shops,
          nicolae_square_shop
Vaults:3: nicolae_vaults_network_barrier, vaults_dpeg_doors, v_misc_25,
          vaults_room_boxed, ontoclasm_vaults_ring_small, v_misc_9, v_misc_23,
          st_octagons_1, vaults_standard_mumra_enter_the_diamond,
          nicolae_vaults_angled_halls, v_pattern_3, v_misc_12,
          layout_vaults_maze
Vaults:4: hangedman_vaults_impose, nicolae_vaults_hallways_thing,
          dpeg_vaults_pockets_of_resistance, grunt_vaults_bifocal,
          nicolae_vaults_little_squares_3, v_misc_3,
          nicolae_vaults_little_squares_2, layout_vaults_omnigrid,
          infiniplex_enter_wizlab_glasses, uniq_frederick
Vaults:5

Skill      XL: |  1  2  3  4  5  6  7  8  9 10 11 12 13 14 15 16 17 18 19 20 21 |
---------------+----------------------------------------------------------------+-----
Axes           | 2 3 4 5 7 8 9 10 11 12 13 14 15 17 19 20 | 20.0
Armour         | 3 5 6 8 9 10 12 13 15 17 18 20 | 20.0
Invocations    | 3 6 8 10 12 14 16 17 19 20 21 22 | 22.6
Fighting       | 4 5 7 8 10 11 13 14 15 | 15.0
Shields        | 4 |  4.0
Dodging        | 1 6 8 10 | 10.0
Spellcasting   | 4 |  4.1

Action                   |  1- 3 |  4- 6 |  7- 9 | 10-12 | 13-15 | 16-18 | 19-21 || total
-------------------------+-------+-------+-------+-------+-------+-------+-------++-------
Melee: War axe           |   103 |    76 |   158 |   362 |   438 |       |       ||  1137
       Broad axe         |       |       |    61 |    90 |   755 |  1464 |   736 ||  3106
       Hand axe          |       |       |       |       |    77 |       |       ||    77
Invok: Elemental Force   |       |       |       |     1 |     1 |       |     2 ||     4
       Upheaval          |       |       |       |       |     3 |    21 |    13 ||    37
       Disaster Area     |       |       |       |       |       |     1 |     4 ||     5
Evoke: Wand              |       |       |     1 |       |     6 |     3 |     1 ||    11
  Use: Scroll            |     5 |       |     5 |     6 |     9 |    11 |     7 ||    43
       Potion            |       |       |     1 |     3 |       |     9 |     4 ||    17
 Stab: Paralysed         |       |       |       |       |     3 |       |     7 ||    10
       Invisible         |       |       |       |       |       |     9 |       ||     9
Armor: Scale mail        |    26 |    27 |    91 |   191 |   419 |   296 |   291 ||  1341
       Troll leather arm |       |       |       |       |    34 |       |       ||    34
       Chain mail        |       |       |       |       |       |   340 |       ||   340
Dodge: Dodged            |    37 |    32 |    84 |   109 |   320 |   478 |   216 ||  1276
       Repelled          |       |       |       |     2 |     7 |    13 |     2 ||    24
Block: Buckler           |    14 |    21 |    59 |   300 |  1286 |  1576 |   628 ||  3884

Table legend: (Time is in decaauts)
 A = Elapsed time spent in this place.
 B = Non-inter-level travel time spent in this place.
 C = Inter-level travel time spent in this place.
 D = Time resting spent in this place.
 E = Time spent auto-exploring this place.
 F = Levels seen in this place.
 G = Mean time per level.
                   A        B        C        D        E       F      G
               +--------+--------+--------+--------+--------+-----+--------+
         Total |  53839 |  50652 |   3187 |   8074 |  33648 |  38 | 1416.8 |
       Dungeon |  23633 |  22121 |   1512 |   3247 |  16227 |  15 | 1575.5 |
        Temple |    187 |    177 |     10 |      0 |    153 |   1 |  187.0 |
          Lair |   7606 |   7028 |    578 |    528 |   4960 |   6 | 1267.7 |
        Shoals |   7044 |   6619 |    425 |   1874 |   3507 |   4 | 1761.0 |
   Spider Nest |   6216 |   5988 |    228 |   1416 |   3604 |   4 | 1554.0 |
  Orcish Mines |   2349 |   2230 |    119 |    241 |   1513 |   2 | 1174.5 |
        Vaults |   6006 |   5693 |    313 |    267 |   3683 |   5 | 1201.2 |
       Volcano |    794 |    794 |      0 |    501 |      0 |   1 |  794.0 |
               +--------+--------+--------+--------+--------+-----+--------+

Top non-repeatable levels by time:
Spider:3: 2736 daAuts
    D:13: 2649 daAuts
Shoals:2: 2489 daAuts
    D:14: 2344 daAuts
    D:15: 2302 daAuts
Shoals:3: 2227 daAuts
  Lair:3: 1915 daAuts
    D:11: 1831 daAuts
     D:4: 1830 daAuts
     D:3: 1783 daAuts
Vaults:4: 1757 daAuts
    D:10: 1650 daAuts
  Lair:6: 1615 daAuts
     D:5: 1582 daAuts
Vaults:3: 1510 daAuts
